 Dungeon Crawl Stone Soup version 0.19.1 (webtiles) character file.

98 ChaseSP the Cudgeler (level 5, -1/41 HPs)
             Began as a Formicid Fighter on Nov 26, 2016.
             Slain by an orc (2 damage)
             ... on level 3 of the Dungeon.
             The game lasted 00:03:19 (1614 turns).

ChaseSP the Cudgeler (Formicid Fighter)             Turns: 1614, Time: 00:03:20

Health: -1/41      AC: 11    Str: 22    XL:     5   Next: 1%
Magic:  5/5        EV:  4    Int:  7    God:
Gold:   107        SH:  9    Dex: 10    Spells: 0 memorised, 4 levels left

rFire  . . .     SeeInvis +     a - +1 flail
rCold  . . .     Gourm    .     k - -1 plate armour (curse)
rNeg   . . .     Faith    .     c - +0 shield
rPois  .         Spirit   .     (helmet unavailable)
rElec  .         Reflect  .     (no cloak)
rCorr  .         Harm     .     i - +0 pair of gloves
MR     .....                    (no boots)
Stlth  ..........               (no amulet)
                                (no ring)
                                (no ring)

@: lethally poisoned (-1 -> -3)
A: permanent stasis, dig shafts and tunnels, four strong arms, antennae 3
a: Dig, Shaft Self


You were on level 3 of the Dungeon.
You were not hungry.

You visited 1 branch of the dungeon, and saw 3 of its levels.

You collected 107 gold pieces.

Inventory:

Hand Weapons
 a - a +1 flail (weapon)
Armour
 b - a +0 scale mail
 c - a +0 shield (worn)
 i - a +0 pair of gloves (worn)
 k - a cursed -1 plate armour (worn)
Jewellery
 e - an uncursed amulet of magic regeneration {unknown}
 l - an uncursed ring of stealth
 n - an uncursed amulet of guardian spirit {unknown}
Potions
 d - a potion of might
 g - a potion of agility {unknown}
 j - a potion of cure mutation {unknown}
 o - a potion of cancellation {unknown}
 q - a potion of mutation {unknown}
Comestibles
 f - 2 bread rations
 h - a meat ration
 m - 3 chunks of flesh
 r - a royal jelly
 s - 4 fruits


   Skills:
 - Level 3.2 Fighting
 + Level 4.7 Maces & Flails
 - Level 3.2 Armour
 - Level 3.6 Shields


You had 4 spell levels left.
You didn't know any spells.

Dungeon Overview and Level Annotations

Branches:
Dungeon (3/15)

Altars:


Innate Abilities, Weirdness & Mutations

You are under a permanent stasis effect.
You can dig through walls and to a lower floor.
Your four strong arms can wield two-handed weapons with a shield.
You have a pair of large antennae on your head. (SInv)


Message History

The adder bites you but does no damage. You block the orc's attack.
The ooze barely misses you. The adder bites you.
* * * LOW HITPOINT WARNING * * *
You are poisoned.
The adder poisons you!
You closely miss the adder.
You feel sick. The bat hits you but does no damage.
You block the adder's attack. The orc hits you.
* * * LOW HITPOINT WARNING * * *
You block the ooze's attack.
You closely miss the adder. The adder bites you.
* * * LOW HITPOINT WARNING * * *
The bat hits you but does no damage. You block the orc's attack.
The ooze hits you but does no damage. The adder bites you.
* * * LOW HITPOINT WARNING * * *
You sock the adder!
You kill the adder!
You have reached level 5!
* * * LOW HITPOINT WARNING * * *
You feel sick. The bat hits you but does no damage. The orc hits you.
You die...

#########
#.......################
......).(...............
#...b.o@#.##############
#.....J)#.# #.
#...?...#.# #.
#.......#.# #.
#.......#.# #.
#.......#.# #.
#.......#.# #.
#.......#.# ##


You could see an ooze, an orc and a bat.

Vanquished Creatures
  An orc wizard (D:3)
  An adder (D:3)
  3 dart slugs
  A leopard gecko (D:2)
  8 orcs (D:3)
  A ball python (D:1)
  2 giant cockroaches (D:1)
  7 goblins
  2 hobgoblins (D:2)
  9 bats
  2 frilled lizards
  6 kobolds
  3 rats
46 creatures vanquished.

Notes
Turn   | Place    | Note
-------+----------+-------------------------------------------
     0 | D:1      | ChaseSP the Formicid Fighter began the quest for the Orb.
     0 | D:1      | Reached XP level 1. HP: 18/18 MP: 1/1
    34 | D:1      | Reached XP level 2. HP: 24/24 MP: 2/2
   171 | D:1      | Reached skill level 3 in Maces & Flails
   625 | D:2      | Reached XP level 3. HP: 29/29 MP: 3/3
  1398 | D:3      | Reached skill level 4 in Maces & Flails
  1398 | D:3      | Reached XP level 4. HP: 28/35 MP: 4/4
  1614 | D:3      | Reached XP level 5. HP: 2/41 MP: 5/5
  1614 | D:3      | HP: 1/41 [poisoned by an adder]
  1614 | D:3      | Slain by an orc

Skill      XL: |  1  2  3 |
---------------+----------+-----
Maces & Flails | 3 4 |  4.7
Fighting       | |  3.2
Armour         | |  3.2
Shields        | |  3.6

Action                   |  1- 3 |  4- 6 || total
-------------------------+-------+-------++-------
Melee: Flail             |   100 |    36 ||   136
  Use: Scroll            |     4 |       ||     4
  Eat: Chunk             |     1 |     1 ||     2
Armor: Scale mail        |    52 |       ||    52
       Plate armour      |     1 |    69 ||    70
Dodge: Dodged            |    26 |    13 ||    39
Block: Shield            |    54 |    54 ||   108
